 Dungeon Crawl Stone Soup version 0.30-a0-1016-gfb0d676c02 (webtiles) character file.

Game seed: 2009548462473109859

169 bande the Shield-Bearer (level 5, 0/33 HPs)
             Began as a Gargoyle Fighter on Apr 6, 2023.
             Killed from afar by an orc wizard (5 damage)
             ... with a puff of flame
             ... on level 3 of the Dungeon.
             The game lasted 00:04:13 (1905 turns).

bande the Shield-Bearer (Gargoyle Fighter)          Turns: 1905, Time: 00:04:13

Health: 0/33       AC: 12    Str: 20    XL:     5   Next: 50%
Magic:  5/5        EV:  9    Int:  8    God:
Gold:   121        SH:  4    Dex: 11    Spells: 4/4 levels left

rFire   . . .      SeeInvis .    a - +0 war axe
rCold   . . .      Faith    .    c - +0 buckler
rNeg    + . .      Spirit   .    b - +0 scale mail
rPois   ∞          Reflect  .    (no helmet)
rElec   +          Rampage  .    e - +0 cloak
rCorr   .                        (no gloves)
Will    .....                    (no boots) Stlth
                                 (no amulet)
HPRegen 0.25/turn                (no ring)
MPRegen 0.09/turn                (no ring)

@: no status effects
A: sickness immunity, AC +4, negative energy resistance 1, electricity
resistance, torment resistance 1, petrification resistance
a: no special abilities


You were on level 3 of the Dungeon.
You visited 1 branch of the dungeon, and saw 4 of its levels.

You collected 121 gold pieces.

Inventory:

Hand Weapons
 a - a +0 war axe (weapon)
 k - a +0 mace of protection
Armour
 b - a +0 scale mail (worn)
 c - a +0 buckler (worn)
 e - a +0 cloak (worn)
Scrolls
 f - 3 scrolls of identify {unknown}
 i - a scroll of teleportation {unknown}
 j - 3 scrolls of immolation {unknown}
Potions
 d - a potion of might
 g - a potion of cancellation {unknown}
 h - 3 potions of invisibility {unknown}
 l - a potion of degeneration {unknown}
 m - 2 potions of curing {unknown}


   Skills:
 + Level 4.0 Fighting
 + Level 3.4 Axes
 + Level 4.1 Armour
 + Level 4.2 Shields


You had 4 spell levels left.
You didn't know any spells.
Your spell library contained the following spells:

 Spells                   Type           Power      Damage    Failure   Level
 Sandblast                Erth           0%         2d4       85%         1
 Summon Small Mammal      Summ           0%         N/A       85%         1
 Passwall                 Tmut/Erth      0%         N/A       94%         2
 Call Canine Familiar     Summ           0%         N/A       99%         3
 Stone Arrow              Conj/Erth      0%         3d7       99%         3
 Summon Guardian Golem    Hex/Summ       0%         N/A       99%         3


Dungeon Overview and Level Annotations

Branches:
Dungeon (4/15)
 Temple: D:4-7

Altars:
Qazlal

Shops:
D:2 [   D:4 ([*


Innate Abilities, Weirdness & Mutations

You are immune to sickness and miasma.
Your stone body is resilient. (AC +4)
You are immune to poison.
You resist negative energy. (rN+)
You are resistant to electric shocks. (rElec)
You are resistant to unholy torment.
You are immune to petrification.


Message History

Unknown command.
You closely miss the orc. You barely miss something. You barely miss the orc.
The orc hits you but does no damage. Something hits you but does no damage.
You block the orc's attack. Something hits you but does no damage.
You block the orc's attack. The orc hits you but does no damage.
You hit the orc.
The orc is heavily wounded.
You barely miss the orc. You miss something. You block the orc's attack.
Something hits you but does no damage. The orc hits you but does no damage.
Unknown command.
You hit the orc.
You kill the orc!
You closely miss something. You hit the orc.
You hear some strange, mumbled words.
A puff of flame appears from out of thin air!
The puff of flame hits you!
The orc hits you with a +1 flail of protection.
Something hits you but does no damage. The orc hits you but does no damage.
You closely miss the orc.
The orc is severely wounded.
You barely miss something. Something hits you. The orc barely misses you.
You barely miss the orc.
The orc is severely wounded.
You completely miss something. Something hits you but does no damage.
You block the orc's attack.
You barely miss the orc.
The orc is severely wounded.
You miss something. Something hits you but does no damage.
The orc hits you with a +1 flail of protection.
* * * LOW HITPOINT WARNING * * *
Something hits you but does no damage. You block the orc's attack.
Unknown command.
You miss something. You barely miss the orc. Something hits you.
* * * LOW HITPOINT WARNING * * *
The orc hits you but does no damage.
You miss something. You hit the orc but do no damage.
You hear some strange, mumbled words.
A puff of flame appears from out of thin air!
The puff of flame hits you.
You die...

.# .### .###. .##
.......# #.#.#.## ......
.##.#.#)################
......o@{........[.)....
#####.##################
.. ##


You could see an orc.

Vanquished Creatures
  A scorpion (D:4)
  3 gnolls (D:4)
  An adder (D:3)
  A dart slug (D:2)
  5 orcs
  7 endoplasms
  2 giant cockroaches (D:1)
  7 goblins
  3 hobgoblins
  5 jackals
  9 kobolds
  6 quokkas
  5 ball pythons
  A bat (D:1)
  A frilled lizard (D:2)
  A rat (D:2)
58 creatures vanquished.

Notes
Turn   | Place    | Note
-------+----------+-------------------------------------------
     0 | D:1      | bande the Gargoyle Fighter began the quest for the Orb.
     0 | D:1      | Reached XP level 1. HP: 14/14 MP: 1/1
   104 | D:1      | Reached XP level 2. HP: 18/19 MP: 2/2
   412 | D:1      | Reached XP level 3. HP: 24/24 MP: 3/3
   795 | D:2      | Found a stormy altar of Qazlal.
  1254 | D:2      | Found Tyehuofa's Antique Armour Emporium.
  1422 | D:2      | You fall into a shaft and drop 2 floors!
  1446 | D:4      | Found Baycvieh's Armour Boutique.
  1447 | D:4      | Found Woewnira's Assorted Antiques.
  1448 | D:4      | Noticed a scorpion
  1459 | D:4      | Killed a scorpion
  1460 | D:4      | Reached XP level 4. HP: 25/29 MP: 4/4
  1635 | D:4      | Reached XP level 5. HP: 33/33 MP: 5/5
  1641 | D:4      | Found Ubigicho's Weapon Emporium.
  1905 | D:3      | Killed from afar by an orc wizard

Illustrated notes

Levels and vault maps discovered:
D:1:      ebering_trefoil_twist, layout_loops_ring
D:2:      layout_basic, serial_shops, shop, basic_altar
D:3:      layout_loops_ring, nemelex_xobeh_ov_fountains_minmay,
          shapermc_ecumenical_altar_petra
D:4:      layout_loops_ring, mainiacjoe_overflow_alcove_2, lemuel_tele_altar,
          minmay_temple_entry_antechambers, serial_shops, shop, shop,
          shop_statue, nicolae_shop_temple_entry_statues_fountains, uniq_grinder

Skill      XL: |  1  2  3  4  5 |
---------------+----------------+-----
Axes           | 2 3 |  3.4
Armour         | 4 |  4.1
Shields        | 4 |  4.2
Fighting       | 4 |  4.0

Action                     |  1- 3 |  4- 6 || total
---------------------------+-------+-------++-------
  Melee: War axe           |   119 |    34 ||   153
 Armour: Scale mail        |    73 |    34 ||   107
  Dodge: Dodged            |    54 |    16 ||    70
  Block: Buckler           |    27 |    11 ||    38

Table legend: (Time is in decaauts)
 A = Elapsed time spent in this place.
 B = Non-inter-level travel time spent in this place.
 C = Inter-level travel time spent in this place.
 D = Time resting spent in this place.
 E = Time spent auto-exploring this place.
 F = Levels seen in this place.
 G = Mean time per level.
                   A        B        C        D        E       F      G
               +--------+--------+--------+--------+--------+-----+--------+
         Total |   1969 |   1937 |     32 |    115 |   1369 |   4 |  492.2 |
       Dungeon |   1969 |   1937 |     32 |    115 |   1369 |   4 |  492.2 |
               +--------+--------+--------+--------+--------+-----+--------+

Top non-repeatable levels by time:
     D:1: 783 daAuts
     D:2: 684 daAuts
     D:4: 319 daAuts
     D:3: 181 daAuts
